 Dungeon Crawl Stone Soup version 0.30-a0-986-g7f2e898f52 (webtiles) character file.

Game seed: 10515812293047215079

3 Sobieck the Shooter (level 1, -2/16 HPs)
             Began as a Mummy Hunter on Apr 1, 2023.
             Slain by a rat (3 damage)
             ... on level 1 of the Dungeon.
             The game lasted 00:00:28 (96 turns).

Sobieck the Shooter (Mummy Hunter)                    Turns: 96, Time: 00:00:28

Health: -2/16      AC:  3    Str: 14    XL:     1   Next: 41%
Magic:  1/1        EV: 11    Int:  8    God:
Gold:   0          SH:  0    Dex: 15    Spells: 0/0 levels left

rFire   x . .      SeeInvis .    a - +0 shortbow {bow}
rCold   + . .      Faith    +    (shield currently unavailable)
rNeg    + + +      Spirit   .    c - +0 leather armour
rPois   ∞          Reflect  .    (no helmet)
rElec   .          Rampage  .    (no cloak)
rCorr   .                        (no gloves)
Will    .....                    (no boots)
Stlth   +                        (no amulet)
HPRegen 0.22/turn                (no ring)
MPRegen 0.07/turn                (no ring)

@: no status effects
A: cold resistance 1, negative energy resistance 3, torment resistance 2, heat
vulnerability 1, no potions, faith
a: no special abilities


You were on level 1 of the Dungeon.
You visited 1 branch of the dungeon, and saw 1 of its levels.


Innate Abilities, Weirdness & Mutations

You are immune to poison.
Your flesh is cold resistant. (rC+)
You are immune to negative energy. (rN+++)
You are immune to unholy pain and torment.
You are vulnerable to heat. (rF-)
You do not drink.
You have a special connection with the divine. (Faith)


   Skills:
 + Level 2.0 Fighting
 * Level 3.3 Ranged Weapons
 + Level 1.6 Dodging
 - Level 0.7 Stealth


You couldn't memorise any spells.
You didn't know any spells.
Your spell library was empty.

Inventory:

Hand Weapons
 a - a +0 shortbow (weapon) {bow}
Armour
 c - a +0 leather armour (worn)
Jewellery
 d - an amulet of faith {!P}
   (You found it on level 1 of the Dungeon)
Scrolls
 b - a scroll of immolation {!r!r}

Dungeon Overview and Level Annotations

Branches:
Dungeon (1/15) Zot: 5895

Altars:

#.......# .....
#.......######.....
#..................
#..................
#..................
#######.........##
#..........#
#.###J.###...
#..@)g.# #.
#.r###.#
#.............
#.##..........
$........g...?
...#..r....!... ...
............
.....##..........
.# #..........


You could see an endoplasm, a hobgoblin and a rat.


Message History

The kobold shouts!
A ball python comes into view.
Danger!
You shoot an arrow. The ball python hisses angrily.
The arrow hits the endoplasm.
You shoot an arrow.
The arrow completely misses the endoplasm.
The endoplasm barely misses you.
You shoot an arrow. The arrow hits the endoplasm.
The endoplasm freezes you.
You are frozen.
You resist.
A rat comes into view.
The kobold throws a stone.
The stone hits you but does no damage.
You shoot an arrow. The arrow barely misses the endoplasm.
The endoplasm barely misses you.
A hobgoblin comes into view.
The kobold throws a stone.
The stone closely misses you. The ball python closely misses you.
The ball python barely misses you. The endoplasm freezes you.
You are frozen.
You resist.
You are too injured to fight recklessly!
You are too injured to fight recklessly!
Unknown command.
The ball python attacks as you move away!
The ball python closely misses you. x2
The rat twitches its whiskers.
The ball python bites you. The ball python grabs you.
The ball python constricts you.
The ball python's grasp on you weakens, but your attempt to escape fails.
The ball python bites you but does no damage.
The ball python constricts you. The ball python barely misses you.
The ball python constricts you.
You escape the ball python's grasp.
The hobgoblin shouts!
Unknown command.
Unknown command.
You are too injured to fight recklessly!
You are too injured to fight recklessly!
Fire: a) +0 shortbow {bow}
Press: ? - help, Q - select action Shift-Dir - straight line, f - kobold
Aim: a kobold, wielding a +0 whip and quivering stones (53% to hit)
You shoot an arrow.
The arrow closely misses the ball python.
The arrow closely misses the kobold.
The ball python bites you. The ball python grabs you.
The ball python constricts you.
Fire: a) +0 shortbow {bow}
Press: ? - help, Q - select action Shift-Dir - straight line, f/p - kobold
Aim: a kobold, wielding a +0 whip and quivering stones (53% to hit)
You shoot an arrow. The arrow hits the ball python!
You kill the ball python!
The kobold hits you with a +0 whip.
Unknown command.
Fire: a) +0 shortbow {bow}
Press: ? - help, Q - select action Shift-Dir - straight line, f/p - kobold
Aim: a kobold, wielding a +0 whip and quivering stones (53% to hit)
You shoot an arrow. The arrow barely misses the kobold.
The kobold hits you with a +0 whip.
* * * LOW HITPOINT WARNING * * *
Unknown command.
Fire: a) +0 shortbow {bow}
Press: ? - help, Q - select action Shift-Dir - straight line, f/p - kobold
Aim: a kobold, wielding a +0 whip and quivering stones (53% to hit)
You shoot an arrow. The arrow completely misses the kobold.
The kobold barely misses you.
Unknown command.
Fire: a) +0 shortbow {bow}
Press: ? - help, Q - select action Shift-Dir - straight line, f/p - kobold
Aim: a kobold, wielding a +0 whip and quivering stones (53% to hit)
You shoot an arrow. The arrow hits the kobold.
The rat barely misses you. The kobold hits you but does no damage.
The kobold hits you with a +0 whip.
* * * LOW HITPOINT WARNING * * *
The rat bites you.
* * * LOW HITPOINT WARNING * * *
Unknown command.
Fire: a) +0 shortbow {bow}
Press: ? - help, Q - select action Shift-Dir - straight line, f/p - kobold
Aim: a kobold, wielding a +0 whip and quivering stones (moderately wounded, 53% to hit)
You shoot an arrow. The arrow hits the kobold.
The rat barely misses you. The kobold hits you with a +0 whip.
* * * LOW HITPOINT WARNING * * *
Unknown command.
Fire: a) +0 shortbow {bow}
Press: ? - help, Q - select action Shift-Dir - straight line, f/p - kobold
Aim: a kobold, wielding a +0 whip and quivering stones (heavily wounded, 53% to hit)
You shoot an arrow. The arrow barely misses the kobold.
The rat bites you but does no damage. The kobold hits you but does no damage.
The kobold barely misses you. The rat closely misses you.
Unknown command.
Fire: a) +0 shortbow {bow}
Press: ? - help, Q - select action Shift-Dir - straight line, f/p - kobold
Aim: a kobold, wielding a +0 whip and quivering stones (heavily wounded, 53% to hit)
You shoot an arrow. The arrow hits the kobold.
You kill the kobold!
The rat bites you.
You die...

Action                     || total
---------------------------++-------
   Fire: Shortbow          ||    19
 Armour: Leather armour    ||     5
  Dodge: Dodged            ||    13

Levels and vault maps discovered:
D:1:      nzn_arrival_depleted_hourglass, layout_rooms

Notes
Turn   | Place    | Note
-------+----------+-------------------------------------------
     0 | D:1      | Sobieck the Mummy Hunter began the quest for the Orb.
     0 | D:1      | Reached XP level 1. HP: 16/16 MP: 1/1
    93 | D:1      | HP: 3/16 [rat (2)]
    94 | D:1      | HP: 1/16 [kobold/+0 whip (2)]
    96 | D:1      | Slain by a rat

Vanquished Creatures
  A hobgoblin (D:1)
  A kobold (D:1)
  A ball python (D:1)
  2 rats (D:1)
5 creatures vanquished.

Table legend:
 A = Non-vault XP
 B = Vault XP
 C = Vault XP percentage of total XP
 D = Non-vault monster count
 E = Vault monster count
 F = Vault count percentage of total count
                 A         B        C        D         E       F
            +---------+---------+-------+---------+---------+-------
      Total |       7 |       0 |   0.0 |       5 |       0 |   0.0
            +---------+---------+-------+---------+---------+-------
        D:1 |       7 |       0 |   0.0 |       5 |       0 |   0.0
            +---------+---------+-------+---------+---------+-------

Illustrated notes

Table legend:
 A = Kills in this place as a percentage of kills in the entire game.
 B = Kills by you in this place as a percentage of kills by you in the entire game.
 C = Kills by friends in this place as a percentage of kills by friends in the entire game.
 D = Other kills in this place as a percentage of other kills in the entire game.
 E = Experience gained in this place as a percentage of experience gained in the entire game.
 F = Experience gained in this place divided by the number of levels of this place that you have seen.
                   A       B       C       D       E      F
               +-------+-------+-------+-------+-------+----------------------
         Total | 100.0 | 100.0 |   N/A |   N/A | 100.0 |   7.0
       Dungeon | 100.0 | 100.0 |   N/A |   N/A | 100.0 |   7.0
               +-------+-------+-------+-------+-------+----------------------

Table legend: (Time is in decaauts)
 A = Elapsed time spent in this place.
 B = Non-inter-level travel time spent in this place.
 C = Inter-level travel time spent in this place.
 D = Time resting spent in this place.
 E = Time spent auto-exploring this place.
 F = Levels seen in this place.
 G = Mean time per level.
                   A        B        C        D        E       F      G
               +--------+--------+--------+--------+--------+-----+--------+
         Total |    103 |    103 |      0 |      0 |     69 |   1 |  103.0 |
       Dungeon |    103 |    103 |      0 |      0 |     69 |   1 |  103.0 |
               +--------+--------+--------+--------+--------+-----+--------+

Top non-repeatable levels by time:
     D:1: 103 daAuts
